 Dungeon Crawl Stone Soup version 0.29-a0-378-gc08b2e8bf8 (webtiles) character file.

Game seed: 14655960803012021424

404 zeratav the Cutter (level 7, 0/44 HPs)
             Began as a Kobold Enchanter on May 4, 2022.
             Was an Initiate of Wu Jian.
             Slain by an ice beast (13 damage)
             ... on level 5 of the Dungeon.
             The game lasted 00:07:29 (4446 turns).

zeratav the Cutter (Kobold Enchanter)               Turns: 4446, Time: 00:07:29

Health: 0/44       AC:  3    Str:  5    XL:     7   Next: 12%
Magic:  10/10      EV: 15    Int: 17    God:    Wu Jian [......]
Gold:   182        SH:  0    Dex: 17    Spells: 10/10 levels left

rFire   . . .      SeeInvis .   j - +3 dagger {short}
rCold   . . .      Faith    .   g - orb {mayhem}
rNeg    . . .      Spirit   .   b - +0 robe
rPois   .          Reflect  .   o - +0 helmet
rElec   .          Harm     .   (no cloak)
rCorr   .          Rampage  .   (no gloves)
Will    .....                   (no boots)
Stlth   ++++......              (no amulet)
HPRegen 0.14/turn               (no ring)
MPRegen 0.12/turn               (no ring)

@: no status effects
A: small, no large weapons, nightstalker 3
a: Renounce Religion


You were on level 5 of the Dungeon.
You worshipped Wu Jian.
Wu Jian was noncommittal.
You visited 1 branch of the dungeon, and saw 5 of its levels.

You collected 182 gold pieces.


Innate Abilities, Weirdness & Mutations

You are small and have problems with some larger weapons.
You are completely attuned to the shadows.


   Skills:
 - Level 5.0 Fighting
 + Level 6.5 Short Blades
 - Level 2.4 Dodging
 - Level 4.0 Stealth
 - Level 2.1 Spellcasting
 - Level 3.0 Hexes


You had 10 spell levels left.
You didn't know any spells.
Your spell library contained the following spells:

 Spells                   Type           Power      Damage    Failure   Level
 Ensorcelled Hibernation  Hex/Ice        12%        N/A       16%         2
 Confusing Touch          Hex            12%        N/A       17%         3
 Tukima's Dance           Hex            12%        N/A       17%         3
 Magic Dart               Conj           4%         1d3       19%         1
 Sting                    Tmut/Pois      4%         1d3       19%         1
 Call Imp                 Summ           1%         N/A       28%         2
 Poisonous Vapours        Pois/Air       2%         N/A       28%         2
 Dazzling Flash           Conj/Hex       12%        N/A       30%         3
 Mephitic Cloud           Conj/Pois/Air  1%         N/A       50%         3
 Olgreb's Toxic Radiance  Pois           1%         N/A       88%         4
 Passage of Golubria      Tloc           1%         N/A       88%         4
 Yara's Violent Unravell  Hex/Tmut       3%         3d4       96%         5
 Iskenderun's Battlesphe  Conj           1%         2d6       99%         5
 Iron Shot                Conj/Erth      0%         9d1       100%        6
 Spellforged Servitor     Conj/Summ      0%         N/A       100%        7

Inventory:

Hand Weapons
 j - a +3 dagger (weapon) {short}
   (You took it off a kobold on level 1 of the Dungeon)
Missiles
 e - 5 curare-tipped darts (quivered) {=fthrowing}
Armour
 b - a +0 robe (worn)
 f - a +0 robe
   (You took it off an orc wizard on level 4 of the Dungeon)
 g - an orb of mayhem (worn)
   (You found it on level 1 of the Dungeon)
 o - a +0 helmet (worn)
   (You took it off Robin on level 2 of the Dungeon)
 q - a +0 leather armour
   (You took it off an orc on level 4 of the Dungeon)
 s - a +0 ring mail
   (You found it on level 4 of the Dungeon)
 y - a +0 scale mail
   (You found it on level 4 of the Dungeon)
 A - a +0 robe
   (You took it off an orc wizard on level 4 of the Dungeon)
 B - a +0 ring mail
   (You took it off a hobgoblin on level 4 of the Dungeon)
 E - a +0 pair of boots
   (You found it on level 4 of the Dungeon)
Wands
 n - a wand of polymorph (10)
   (You found it on level 3 of the Dungeon)
 w - a wand of flame (15)
   (You found it on level 3 of the Dungeon)
Scrolls
 d - 5 scrolls of teleportation {@r4}
 k - a scroll of amnesia
 m - 3 scrolls of vulnerability {unknown}
 r - a scroll of brand weapon
 t - 2 scrolls of blinking {unknown}
 x - a scroll of immolation {!r!r}
 D - 2 scrolls of identify {@r1}
Potions
 a - a potion of ambrosia {unknown}
 c - 2 potions of invisibility
 h - 3 potions of lignification {unknown}
 i - a potion of haste {unknown}
 l - 4 potions of brilliance {unknown}
 p - a potion of flight {unknown}
 u - 2 potions of berserk rage {unknown}
 v - 3 potions of mutation {unknown}
 z - 3 potions of might {unknown}
 C - a potion of curing {@q1}

Dungeon Overview and Level Annotations

Branches:
Dungeon (5/15)
 Temple: D:4-7

Altars:
Fedhas
Makhleb
Okawaru
Wu Jian

Shops:
D:4 *

Annotations:
D:4 Duvessa

#.........
#.........
##.......
#......###
#<.@Y.#
.........c.
#.##....##.
# ##..##
....


You could see an ice beast and a centaur.


Message History

You take 1 damage, and now have 42/44 hp.
You hit the hobgoblin but do no damage. The hobgoblin misses you.
HP[+1]
You hit the hobgoblin but do no damage. You hit the hobgoblin.
The hobgoblin misses you.
You hit the hobgoblin but do no damage. The hobgoblin misses you.
You hit the hobgoblin but do no damage. The hobgoblin misses you.
You barely miss the hobgoblin. You hit the hobgoblin but do no damage.
The hobgoblin hits you.
HP[-3]
You take 3 damage, and now have 40/44 hp.
You barely miss the hobgoblin. The hobgoblin barely misses you.
You hit the hobgoblin.
You kill the hobgoblin!
The Council accepts your kill.
You can now lightly attack monsters by moving around them.
You start resting.
HP[+4]
Your hp is fully restored (44).
B - a +0 ring mail;
C - a potion of curing {@q1}
D - a scroll of identify {@r1}
Things that are here:
5 stones {throwing}; a hobgoblin corpse
Things that are here:
5 stones {throwing}; a hobgoblin corpse
E - a +0 pair of boots You can no longer perform spinning attacks.
z - 3 fizzy purple potions (gained 1)
You see here 19 stones {throwing}.
Found a stone staircase leading down.
v - 3 lumpy silvery potions (gained 1)
There is a stone staircase leading down here.
m - 3 scrolls labelled ETROHA CEET (gained 1)
D - 2 scrolls of identify {@r1} (gained 1)
Found a stone staircase leading down.
There is a stone staircase leading down here.
Found Hyuget's General Store.
No target in view!
There is an entrance to Hyuget's General Store here.
There is an entrance to Hyuget's General Store here.
There is a stone staircase leading down here.
You climb downwards.
Found a stone staircase leading up.
There is a stone staircase leading up here.
You lunge at the ice beast.
You hit the ice beast but do no damage.
The ice beast hits you but does no damage.
There is a stone staircase leading up here.
You barely miss the ice beast. You hit the ice beast but do no damage.
The ice beast closely misses you.
You hit the ice beast.
The ice beast hits you but does no damage.
You hit the ice beast but do no damage. You hit the ice beast.
The ice beast closely misses you.
You hit the ice beast but do no damage. The ice beast barely misses you.
You barely miss the ice beast. You hit the ice beast.
The ice beast barely misses you.
You hit the ice beast but do no damage. The ice beast closely misses you.
You hit the ice beast but do no damage. You hit the ice beast but do no damage.
The ice beast barely misses you.
You closely miss the ice beast. The ice beast hits you.
The ice beast freezes you!
HP[-9]
You take 9 damage, and now have 35/44 hp.
MASSIVE DAMAGE!! (PAUSE)
You hit the ice beast. You hit the ice beast but do no damage.
The ice beast hits you. The ice beast freezes you.
HP[-7]
You take 7 damage, and now have 28/44 hp.
You are too injured to fight recklessly!
You are too injured to fight recklessly!
You are too injured to fight recklessly!
You are too injured to fight recklessly!
You are too injured to fight recklessly!
You are too injured to fight recklessly!
You are too injured to fight recklessly!
You are too injured to fight recklessly!
You are too injured to fight recklessly!
You are too injured to fight recklessly!
You are too injured to fight recklessly!
You are too injured to fight recklessly!
You are too injured to fight recklessly!
You are too injured to fight recklessly!
You are too injured to fight recklessly!
You are too injured to fight recklessly!
You are too injured to fight recklessly!
You are too injured to fight recklessly!
You closely miss the ice beast. The ice beast hits you.
The ice beast freezes you!
* * * LOW HITPOINT WARNING * * *
HP[-14]
You take 14 damage, and now have 14/44 hp.
MASSIVE DAMAGE!! (PAUSE)
You closely miss the ice beast.
A centaur comes into view.
The centaur shouts!
You hit the ice beast but do no damage. The ice beast hits you.
* * * LOW HITPOINT WARNING * * *
The ice beast freezes you!
You die...

Skill      XL: |  1  2  3  4  5  6 |
---------------+-------------------+-----
Fighting       | 1 2 3 4 5 |  5.0
Short Blades   | 3 6 |  6.5
Dodging        | |  2.4
Stealth        | |  4.0
Spellcasting   | |  2.1
Hexes          | |  3.0

Action                   |  1- 3 |  4- 6 |  7- 9 || total
-------------------------+-------+-------+-------++-------
Melee: Dagger            |    64 |   169 |    39 ||   272
Invok: Lunge             |       |    10 |     1 ||    11
  Use: Potion            |       |     3 |       ||     3
       Scroll            |       |       |     4 ||     4
 Stab: Sleeping          |    15 |    18 |       ||    33
Armor: Robe              |     5 |    25 |     2 ||    32
Dodge: Dodged            |    21 |    97 |    16 ||   134

Levels and vault maps discovered:
D:1:      kb_arrival_jail, layout_basic, shapermc_ecumenical_altar_mp_highgroup,
          solitary_fountain
D:2:      layout_loops_ring, uniq_terence, uniq_robin
D:3:      layout_rooms, mainiacjoe_overflow_tiny_flanked,
          lemuel_coloured_pillars_altar, kennysheep_okawaru_gauntlet,
          mainiacjoe_overflow_six_doors_small, patterned_corridor
D:4:      layout_rooms, nzn_overflow_gifts_of_might_and_magic, serial_shops,
          nicolae_shop_trees, minmay_pentangle
D:5:      layout_cave_pools, grunt_qazlal_sundering,
          nemelex_diamond_rough_becter, serial_gnoll_camp,
          gnoll_camp_mini_house, gnoll_camp_mini_hut, gnoll_camp_huts_basic,
          gnoll_camp_mini_sergeant, serial_shops, shop

Notes
Turn   | Place    | Note
-------+----------+-------------------------------------------
     0 | D:1      | zeratav the Kobold Enchanter began the quest for the Orb.
     0 | D:1      | Reached XP level 1. HP: 10/10 MP: 3/3
     0 | D:1      | magus.rc [v1.9.6]
     2 | D:1      | Noticed an ogre
     4 | D:1      | Noticed a troll
     4 | D:1      | Noticed an octopode
     6 | D:1      | Noticed a vampire
     8 | D:1      | Noticed a gargoyle
    10 | D:1      | Noticed a formicid
    12 | D:1      | Noticed a vine stalker
    12 | D:1      | Noticed a human
    14 | D:1      | Noticed a merfolk
    14 | D:1      | Noticed a minotaur
    16 | D:1      | Noticed a naga
    18 | D:1      | Noticed an elf
    18 | D:1      | Noticed a demigod
    20 | D:1      | Noticed a demonspawn
    20 | D:1      | Noticed a tengu
    22 | D:1      | Noticed a felid
    22 | D:1      | Noticed a draconian
    24 | D:1      | Noticed a ghoul
    24 | D:1      | Noticed a spriggan
    26 | D:1      | Noticed a dwarf
    69 | D:1      | Reached skill level 1 in Fighting
   140 | D:1      | Reached XP level 2. HP: 16/16 MP: 5/5
   308 | D:1      | You add the spells Passage of Golubria and Yara's Violent
                  | Unravelling to your library.
   314 | D:1      | Reached skill level 2 in Fighting
   536 | D:1      | Found a faded altar of an unknown god.
   574 | D:1      | Reached XP level 3. HP: 22/22 MP: 6/6
  1014 | D:2      | Reached skill level 3 in Fighting
  1066 | D:2      | Noticed Robin
  1086 | D:2      | Killed Robin
  1087 | D:2      | Reached XP level 4. HP: 16/29 MP: 7/7
  1282 | D:2      | Noticed Terence
  1297 | D:2      | HP: 6/29 [Terence/+0 hand axe (3)]
  1299 | D:2      | Killed Terence
  1300 | D:2      | Reached skill level 4 in Fighting
  1688 | D:2      | You add the spells Sting, Poisonous Vapours and Olgreb's
                  | Toxic Radiance to your library.
  1787 | D:2      | Reached XP level 5. HP: 34/34 MP: 8/8
  2188 | D:3      | Found an iron altar of Okawaru.
  2317 | D:3      | Reached skill level 5 in Fighting
  2371 | D:3      | Found a blossoming altar of Fedhas.
  2381 | D:3      | Found a burning altar of Makhleb.
  2635 | D:3      | Reached skill level 2 in Short Blades
  2704 | D:3      | Found an ornate altar of the Wu Jian Council.
  2706 | D:3      | You pick up a book of Power and begin reading...
  2706 | D:3      | You add the spells Iskenderun's Battlesphere, Iron Shot and
                  | Spellforged Servitor to your library.
  2716 | D:3      | Became a worshipper of the Wu Jian Council
  2993 | D:3      | Reached skill level 3 in Short Blades
  3027 | D:3      | You pick up a book of Minor Magic and begin reading...
  3027 | D:3      | You add the spells Magic Dart, Call Imp and Mephitic Cloud
                  | to your library.
  3255 | D:4      | Reached XP level 6. HP: 40/40 MP: 9/9
  3276 | D:4      | HP: 10/40 [poisoned by a scorpion]
  3277 | D:4      | HP: 3/40 [poisoned by a scorpion]
  3280 | D:4      | Reached skill level 4 in Short Blades
  3666 | D:4      | Reached skill level 5 in Short Blades
  3792 | D:4      | Reached skill level 6 in Short Blades
  3792 | D:4      | Reached XP level 7. HP: 32/44 MP: 10/10
  3992 | D:4      | Noticed Duvessa
  4017 | D:4      | Reached * piety under Wu Jian
  4378 | D:4      | Found Hyuget's General Store.
  4427 | D:5      | Entered Level 5 of the Dungeon
  4446 | D:5      | Slain by an ice beast

Vanquished Creatures
  A scorpion (D:4)
  Terence (D:2)
  An orc wizard (D:4)
  Robin (D:2)
  10 adders
  An ufetubus (D:4)
  A worm (D:4)
  A dart slug (D:1)
  5 orcs
  7 endoplasms
  2 giant cockroaches (D:1)
  13 goblins
  8 hobgoblins
  8 jackals
  5 quokkas
  5 ball pythons
  2 bats (D:1)
  3 frilled lizards
  4 kobolds
  3 rats
82 creatures vanquished.

Vanquished Creatures (collateral kills)
  A howler monkey (D:4)
  An orc priest (D:4)
  An orc wizard (D:4)
  2 orcs (D:3)
  A ball python (D:4)
  An endoplasm (D:4)
  A hobgoblin (D:2)
8 creatures vanquished.

Vanquished Creatures (others)
  An orc (D:4)
  A giant cockroach (D:4)
  A goblin (D:2)
  A hobgoblin (D:2)
4 creatures vanquished.

Grand Total: 94 creatures vanquished

Table legend:
 A = Non-vault XP
 B = Vault XP
 C = Vault XP percentage of total XP
 D = Non-vault monster count
 E = Vault monster count
 F = Vault count percentage of total count
                 A         B        C        D         E       F
            +---------+---------+-------+---------+---------+-------
      Total |     381 |     197 |  34.1 |      71 |      19 |  21.1
            +---------+---------+-------+---------+---------+-------
        D:1 |      39 |       0 |   0.0 |      22 |       0 |   0.0
        D:2 |      42 |      66 |  61.1 |      11 |       9 |  45.0
        D:3 |     114 |       0 |   0.0 |      22 |       0 |   0.0
        D:4 |     186 |     131 |  41.3 |      16 |      10 |  38.5
            +---------+---------+-------+---------+---------+-------

Illustrated notes

Table legend:
 A = Kills in this place as a percentage of kills in entire the game.
 B = Kills by you in this place as a percentage of kills by you in the entire game.
 C = Kills by friends in this place as a percentage of kills by friends in the entire game.
 D = Other kills in this place as a percentage of other kills in the entire game.
 E = Experience gained in this place as a percentage of experience gained in the entire game.
 F = Experience gained in this place divided by the number of levels of this place that you have seen.
                   A       B       C       D       E      F
               +-------+-------+-------+-------+-------+----------------------
         Total | 100.0 | 100.0 | 100.0 |   N/A | 100.0 | 115.6
       Dungeon | 100.0 | 100.0 | 100.0 |   N/A | 100.0 | 115.6
               +-------+-------+-------+-------+-------+----------------------

Table legend: (Time is in decaauts)
 A = Elapsed time spent in this place.
 B = Non-inter-level travel time spent in this place.
 C = Inter-level travel time spent in this place.
 D = Time resting spent in this place.
 E = Time spent auto-exploring this place.
 F = Levels seen in this place.
 G = Mean time per level.
                   A        B        C        D        E       F      G
               +--------+--------+--------+--------+--------+-----+--------+
         Total |   4401 |   4140 |    261 |    792 |   2637 |   5 |  880.2 |
       Dungeon |   4401 |   4140 |    261 |    792 |   2637 |   5 |  880.2 |
               +--------+--------+--------+--------+--------+-----+--------+

Top non-repeatable levels by time:
     D:2: 1195 daAuts
     D:4: 1172 daAuts
     D:3: 1052 daAuts
     D:1: 968 daAuts
     D:5: 13 daAuts
